AoeStats
← akbolso

Arena

509774459Analyzed
1v1 RM · 3d ago on Sep 28, 2026· 24m 6s· 2 players
Game mode
Random Map
Map size
Tiny (2 player)
Population
200
Speed
Normal
Resources
Standard
Victory
Conquest
Starting age
Dark Age
Ending age
Imperial Age
RankedLock teamsTeams togetherTeam positionsShared explorationLock speedFull tech treeHidden civsTurbo modeCheats
Victory
Defeat
🇺🇾 Turks · Uruguay
1000
+15
🇺🇸 Franks · United States
985
-15
charlescolucci12
12:12 Feudal Age
10:28 Loom
17:24 Castle Age
20:15 Double-Bit Axe
20:35 Gold Mining
akbolso
11:36 Feudal Age
15:48 Castle Age
19:59 Imperial Age
20:48 Sanctity
Connection lost

Rejoining the realm…

Still unreachable

The connection could not be restored.

Session expired

The server has moved on; the page needs a fresh start.